 Dungeon Crawl Stone Soup version 0.18.1-48-g4cf74bf (webtiles) character file.

146974 nikopol the Severer (level 16, -3/147 HPs)
             Began as a Minotaur Berserker on June 27, 2016.
             Was the Champion of Trog.
             Succumbed to a redback's poison
             ... on level 2 of the Spider Nest.
             The game lasted 02:07:00 (33662 turns).

nikopol the Severer (Minotaur Berserker)           Turns: 33662, Time: 02:07:01

Health: -3/147     AC: 21    Str: 26 (28) XL:     16   Next: 90%
Magic:  0/5        EV: 22    Int:  0 (4)  God:    Trog [******]
Gold:   2419       SH:  0    Dex: 19 (20) Spells: 0 memorised, 15 levels left

rFire  . . .     SeeInvis .     x - +7 battleaxe (antimagic)
rCold  . . .     Gourm    .     E - +3 ring mail of Birdsong {Regen+ rCorr Dex+6}
rNeg   . . .     Faith    .     (shield currently unavailable)
rPois  +         Spirit   .     y - +1 hat
rElec  +         Dismiss  +     n - +1 cloak
rCorr  +         Reflect  .     q - +1 pair of gloves
SustAt .         Harm     .     U - +2 pair of boots
MR     +++..                    P - amulet of dismissal
Stlth  +.........               S - ring of protection from magic
                                V - ring of Inas {rElec rPois MR+ Str+3}

@: lethally poisoned (-3 -> -24), slowed, lost intelligence, very slow,
extremely resistant to hostile enchantments, very unstealthy
A: retaliatory headbutt, horns 2
a: Berserk, Trog's Hand, Brothers in Arms, Burn Spellbooks, Renounce Religion


You were on level 2 of the Spider Nest.
You worshipped Trog.
Trog was exalted by your worship.
You were very hungry.

You visited 4 branches of the dungeon, and saw 27 of its levels.
You also visited: Labyrinth and Sewer.

You collected 3028 gold pieces.
You spent 609 gold pieces at shops.

Inventory:

Hand Weapons
 c - the +8 longbow of the Vulture {flame, Str+4}
   (Trog gifted it to you on level 4 of the Lair of Beasts)

   It causes projectiles fired from it to burn those they strike, causing extra
   injury to most foes and up to half again as much damage against particularly
   susceptible opponents.
   It affects your strength (+4).
 x - a +7 antimagic battleaxe (weapon)
 Z - a +3 antimagic executioner's axe
Missiles
 o - 455 arrows (quivered)
Armour
 n - a +1 cloak (worn)
 q - a +1 pair of gloves (worn)
 y - a +1 hat (worn)
 E - the +3 ring mail of Birdsong (worn) {Regen+ rCorr Dex+6}
   (You bought it in a shop on level 2 of the Orcish Mines)

   It affects your dexterity (+6).
   It increases your rate of regeneration.
   It protects you from acid and corrosion.
 O - a +3 ring mail of cold resistance
 U - a +2 pair of boots (worn)
Jewellery
 f - an uncursed ring of resist corrosion
 B - a +5 ring of strength
 P - an amulet of dismissal (around neck)
 S - a ring of protection from magic (right hand)
 T - an uncursed amulet of the gourmand
 V - the ring of Inas (left hand) {rElec rPois MR+ Str+3}
   (You found it in a labyrinth)

   [ring of strength]

   It affects your strength (+3).
   It insulates you from electricity.
   It protects you from poison.
   It affects your resistance to hostile enchantments.
 W - the ring "Ygoprum" {+Fly Str-4 Dex+5}
   (You found it in a labyrinth)

   [ring of flight]

   It affects your strength (-4).
   It affects your dexterity (+5).
   It lets you fly.
Wands
 H - a wand of digging (17/24)
 Q - a wand of disintegration (13/24)
 X - a wand of iceblast (7/15)
Scrolls
 a - 2 scrolls of blinking
 d - 3 scrolls of recharging
 h - 5 scrolls of fear
 j - 10 scrolls of remove curse
 k - a scroll of magic mapping
 m - a scroll of brand weapon {unknown}
 t - 7 scrolls of teleportation
 w - 3 scrolls of fog
 D - a scroll of silence
 R - a scroll of enchant weapon
 Y - 2 scrolls of identify
Potions
 e - 3 potions of berserk rage
 i - 11 potions of heal wounds
 l - 4 potions of flight
 p - 5 potions of haste
 r - 11 potions of curing
 s - a potion of invisibility
 v - 3 potions of magic
 z - 8 potions of might
 A - 4 potions of resistance
 C - a potion of cure mutation
 G - a potion of cancellation
 K - a potion of ambrosia
 L - 3 potions of agility
 N - 2 potions of brilliance
Miscellaneous
 I - a fan of gales
Comestibles
 b - 5 beef jerkies
 g - 13 slices of pizza
 u - 17 meat rations
 F - 12 bread rations
 J - 31 fruits
 M - a royal jelly


   Skills:
 + Level 14.7 Fighting
 * Level 18.8 Axes
 * Level 16.1 Bows
 + Level 14.5 Armour
 + Level 13.6 Dodging


You had 15 spell levels left.
You didn't know any spells.

Dungeon Overview and Level Annotations

Branches:
Dungeon (15/15)            Temple (0/1) D:5            Lair (8/8) D:9
 Shoals (0/4) Lair:6       Spider (2/4) Lair:4        Slime (0/6) Lair:8
    Orc (2/2) D:9             Elf (0/3) Orc:2        Vaults (0/5) D:13
 Depths (0/5) D:15

Altars:
Cheibriados
Dithmenos
Gozag
Kikubaaqudgha
Nemelex Xobeh
Okawaru
Pakellas
Qazlal
Ru
Sif Muna
Trog
Yredelemnul
Zin
The Shining One
Beogh
Jiyva

Shops:
D:9 *   D:10 :   D:12 *   D:14 !   D:15 *   Orc:2 (:[?

Annotations:
D:4 1 runed door


Innate Abilities, Weirdness & Mutations

You reflexively headbutt those who attack you in melee.
You have a pair of horns on your head.


Message History

The rock wall explodes into countless fragments.
A basket of spiders falls from above!
You feel you are being watched by something.
Something closely misses you. x2; Something stings you.
* * * LOW HITPOINT WARNING * * *
Your amulet of dismissal vibrates suddenly! 8 redbacks come into view.
The redback completely misses you. You furiously retaliate!
You headbutt the redback. The redback misses you. You furiously retaliate!
You headbutt the redback. The redback closely misses you.
The teleport trap disappears.
The redback disappears!
The redback barely misses you. You furiously retaliate!
You headbutt the redback. The redback barely misses you.
You furiously retaliate!
You headbutt the redback, but do no damage.
The redback bites you!
* * * LOW HITPOINT WARNING * * *
You are lethally poisoned!
The redback poisons you!
You die...

##.#...§.....................
#.........s##........#.#....#.
##^#...#........#.#......#....
##.#.....^.#...#........##...
##..................#^.......
#..........ss...#.#..........
#####....sss....#........#..#
#......s.s.....#..........
###.#...^@#.^........##...
#..........#.............
#.^..#.....#.#....#......
#.###...............^..#.
#....#.#............#..#.
#^..........#.#..........
##^.......###.....#..#.#.
##.....#........†#......
##...#...#....#........


You could see an orb spider and 7 redbacks.

Vanquished Creatures
  Arachne (Spider:2)
  Rupert (Lair:4)
  Frances (D:13)
  Agnes (D:15)
  Maud (Lair:3)
  An emperor scorpion (Spider:1)
  Azrael (D:14)
  A salamander stormcaller (D:15)
  A dire elephant (Lair:8)
  A fire dragon (D:15)
  Snorg (Lair:8)
  A minotaur (Lab)
  A vault guard (D:13)
  Fannar (Lair:3)
  2 ice dragons
  7 hydras
  A centaur warrior (D:14)
  A catoblepas (Lair:8)
  A deep troll shaman (Lair:8)
  17 death yaks
  A queen ant (Lair:7)
  A tengu warrior (D:15)
  An orc high priest (Orc:2)
  2 ogre magi (Orc:2)
  4 skeletal warriors (D:15)
  2 wizards (D:13)
  An unseen horror (D:13)
  2 deep trolls (Orc:2)
  8 hill giants
  2 necromancers (D:13)
  Pikel (D:7)
  4 orb spiders
  An orc sorcerer (Orc:2)
  4 griffons
  2 deep elf magi
  15 wolf spiders
  6 cyclopes
  A hornet (Spider:1)
  4 manticores
  12 ugly things
  2 centaur zombies (D:14)
  A salamander (shapeshifter) (D:14)
  14 elephants
  6 black mambas
  Joseph (D:7)
  10 gargoyles
  A torpor snail (Spider:1)
  6 centaur skeletons
  11 spiny frogs
  An efreet (D:14)
  2 rime drakes
  A freezing wraith (D:15)
  11 komodo dragons
  A yaktaur (D:15)
  8 demonic crawlers
  18 jumping spiders
  A polar bear (Lair:3)
  15 trolls
  Prince Ribbit (D:7)
  Grinder (D:4)
  14 slime creatures
  36 blink frogs
  8 two-headed ogres
  A snapping turtle (Lair:6)
  12 redbacks
  3 wyverns
  54 yaks
  A spriggan (shapeshifter) (D:14)
  7 tarantellas
  A wraith (D:11)
  A shadow (Lab)
  6 fire elementals (D:14)
  10 vampire mosquitoes
  6 basilisks
  13 hippogriffs
  20 humans (D:13)
  4 hungry ghosts
  2 wargs (Orc:2)
  2 mottled dragons
  2 soldier ants (Lair:7)
  10 water moccasins
  11 porcupines
  A hell hound (D:14)
  A slave (D:7)
  6 phantoms
  3 ice beasts
  15 orc warriors
  3 sky beasts
  3 black bears
  33 wolves
  10 centaurs
  27 ogres
  18 crocodiles
  4 big kobolds (D:8)
  28 giant frogs
  3 scorpions
  17 killer bees
  16 wights
  7 howler monkeys
  3 electric eels
  3 crimson imps
  A quasit (D:12)
  4 lava snakes (Lab)
  A giant frog zombie (D:3)
  11 hounds
  2 jellies
  Crazy Yiuf (D:5)
  A gnoll shaman (D:9)
  9 orc priests
  18 orc wizards
  2 giant frog skeletons
  7 iguanas
  31 worker ants
  24 sheep
  A hound zombie (D:10)
  2 worker ant zombies
  16 gnolls
  28 river rats
  9 adders
  3 shadow imps
  An ooze (D:1)
  An adder zombie (D:6)
  2 adder skeletons (D:6)
  3 worms
  4 dart slugs
  6 giant geckos
  62 orcs
  8 bats
  5 giant cockroaches
  9 goblins
  8 hobgoblins
  16 jackals
  12 kobolds
  3 quokkas
  3 ball pythons
  A giant gecko zombie (D:9)
  8 giant newts
  A jackal skeleton (D:8)
  A jackal zombie (D:6)
  2 quokka skeletons
  A quokka zombie (D:6)
  10 rats
  4 fungi
  5 plants
1001 creatures vanquished.

Vanquished Creatures (others)
  A scorpion (D:7)
  2 howler monkeys (D:7)
  9 fungi
  6 plants
18 creatures vanquished.

Grand Total: 1019 creatures vanquished

Notes
Turn   | Place    | Note
--------------------------------------------------------------
     0 | D:1      | nikopol the Minotaur Berserker began the quest for the Orb.
     0 | D:1      | Reached XP level 1. HP: 19/19 MP: 0/0
   173 | D:1      | Reached XP level 2. HP: 22/27 MP: 1/1
   362 | D:1      | Reached skill level 4 in Axes
   527 | D:1      | Reached ** piety under Trog
   527 | D:1      | Reached XP level 3. HP: 14/33 MP: 2/2
  1181 | D:2      | Found a snail-covered altar of Cheibriados.
  1444 | D:2      | Noticed a moth of wrath
  1447 | D:2      | Found a bloodstained altar of Trog.
  1640 | D:2      | Reached XP level 4. HP: 41/41 MP: 3/3
  1697 | D:2      | Found a stormy altar of Qazlal.
  1784 | D:2      | Found an ancient bone altar of Kikubaaqudgha.
  1816 | D:2      | Found an oddly glowing altar of Pakellas.
  1978 | D:3      | Reached XP level 5. HP: 47/47 MP: 4/4
  2050 | D:3      | Reached skill level 5 in Axes
  2057 | D:3      | Found a glowing golden altar of the Shining One.
  2110 | D:3      | Reached *** piety under Trog
  2155 | D:3      | Found a glowing drain.
  2163 | Sewer    | Entered a sewer
  2260 | Sewer    | Reached skill level 5 in Fighting
  2999 | D:3      | Found an opulent altar of Gozag.
  3244 | D:3      | Found a deep blue altar of Sif Muna.
  3322 | D:3      | Found an iron altar of Okawaru.
  3465 | D:4      | Reached XP level 6. HP: 54/56 MP: 5/5
  3564 | D:3      | Reached **** piety under Trog
  3785 | D:4      | Noticed Grinder
  3798 | D:4      | Killed Grinder
  3798 | D:4      | Reached skill level 5 in Armour
  3798 | D:4      | Reached XP level 7. HP: 43/63 MP: 6/6
  3815 | D:4      | Reached skill level 6 in Axes
  3815 | D:4      | Reached skill level 5 in Dodging
  3958 | D:4      | Found a glowing golden altar of the Shining One.
  3961 | D:4      | Found a runed door.
  3961 | D:4      | Noticed an angel
  4022 | D:5      | Entered Level 5 of the Dungeon
  4076 | D:5      | Found a staircase to the Ecumenical Temple.
  4130 | D:5      | Noticed Crazy Yiuf
  4136 | D:5      | Killed Crazy Yiuf
  4245 | D:5      | Found a shadowy altar of Dithmenos.
  4432 | D:5      | Reached XP level 8. HP: 57/73 MP: 7/7
  4952 | D:6      | Reached skill level 7 in Axes
  5525 | D:7      | Reached ***** piety under Trog
  5644 | D:7      | Noticed Pikel
  5658 | D:7      | Killed Pikel
  5658 | D:7      | Reached skill level 8 in Axes
  5658 | D:7      | Reached XP level 9. HP: 82/82 MP: 8/8
  5725 | D:7      | Noticed Prince Ribbit
  5739 | D:7      | Killed Prince Ribbit
  5739 | D:7      | Received a gift from Trog
  5777 | D:7      | Noticed Joseph
  6020 | D:7      | Killed Joseph
  6321 | D:7      | Got a faintly humming scale mail
  6332 | D:7      | Identified the cursed +0 scale mail of Quantum Leap {rElec rPois rF- Int+4} (You found it on level 7 of the Dungeon)
  6341 | D:7      | Found a basalt altar of Yredelemnul.
  6468 | D:8      | Reached skill level 9 in Axes
  7260 | D:8      | Reached skill level 5 in Bows
  7263 | D:8      | Reached XP level 10. HP: 39/90 MP: 9/9
  7930 | D:8      | Noticed a two-headed hydra
  8148 | D:8      | Killed a nine-headed hydra
  8148 | D:8      | Reached skill level 10 in Axes
  8956 | D:9      | Found a sacrificial altar of Ru.
  9048 | D:9      | Found a staircase to the Orcish Mines.
  9109 | D:9      | Found a staircase to the Lair.
  9291 | D:9      | Found Eruzioh's General Store.
  9304 | D:9      | Found a stormy altar of Qazlal.
  9408 | D:9      | Reached skill level 10 in Fighting
  9713 | D:9      | Found a roughly hewn altar of Beogh.
  9736 | D:9      | Reached XP level 11. HP: 75/99 MP: 10/10
 10082 | Lair:1   | Entered Level 1 of the Lair of Beasts
 10112 | Lair:1   | Reached skill level 11 in Axes
 10419 | Lair:1   | Received a gift from Trog
 11711 | Lair:2   | Noticed an eight-headed hydra
 11718 | Lair:2   | Killed a 12-headed hydra
 11977 | Lair:2   | Noticed a griffon
 12042 | Lair:2   | Killed a griffon
 12042 | Lair:2   | Reached skill level 12 in Axes
 12042 | Lair:2   | Reached skill level 10 in Armour
 12239 | Lair:2   | Got an ancient scale mail
 12430 | Lair:2   | Noticed a seven-headed hydra
 12466 | Lair:2   | Killed a seven-headed hydra
 12951 | Lair:2   | Noticed an ice dragon
 13072 | Lair:2   | Killed an ice dragon
 13072 | Lair:2   | Reached XP level 12. HP: 110/110 MP: 11/11
 13319 | Lair:3   | Noticed Maud
 13689 | Lair:3   | Killed Maud
 13689 | Lair:3   | Reached skill level 10 in Bows
 13977 | Lair:3   | Identified the +6 scale mail of Dishonesty {*Confuse Regen+ Int+3 Slay+5} (You found it on level 2 of the Lair of Beasts)
 14421 | Lair:3   | Received a gift from Trog
 14463 | Lair:3   | Reached skill level 13 in Axes
 14724 | Lair:3   | Noticed Fannar
 15044 | Lair:3   | Got a translucent scale mail
 15395 | Lair:3   | Noticed an eight-headed hydra
 15402 | Lair:3   | Killed a ten-headed hydra
 15407 | Lair:3   | Killed Fannar
 15598 | Lair:3   | Identified the cursed +1 scale mail of the Many Realms {+Blink MP+9 Dex+2} (You found it on level 3 of the Lair of Beasts)
 15656 | Lair:3   | Received a gift from Trog
 16124 | Lair:3   | Reached skill level 10 in Dodging
 16566 | Lair:4   | Found a hole to the Spider Nest.
 16807 | Lair:4   | Received a gift from Trog
 16984 | Lair:4   | Noticed Rupert
 17002 | Lair:4   | Killed Rupert
 17002 | Lair:4   | Reached XP level 13. HP: 80/117 MP: 4/12
 17259 | Lair:4   | Reached skill level 14 in Axes
 17490 | Lair:4   | Received a gift from Trog
 17493 | Lair:4   | Got a fine longbow {god gift}
 17494 | Lair:4   | Identified the +8 longbow of the Vulture {flame, Str+4} (Trog gifted it to you on level 4 of the Lair of Beasts)
 19675 | Lair:6   | Found a staircase to the Shoals.
 19684 | Lair:6   | Reached ****** piety under Trog
 20039 | Lair:7   | Reached skill level 15 in Axes
 20136 | Lair:7   | Received a gift from Trog
 20359 | Lair:7   | Reached XP level 14. HP: 127/127 MP: 4/13
 20826 | Lair:7   | Received a gift from Trog
 21292 | Lair:8   | Entered Level 8 of the Lair of Beasts
 21292 | Lair:8   | Found a staircase to the Slime Pits.
 21292 | Lair:8   | Found a viscous altar of Jiyva.
 21374 | Lair:8   | Received a gift from Trog
 21535 | Lair:8   | Noticed Snorg
 21543 | Lair:8   | Killed Snorg
 21788 | Lair:8   | Received a gift from Trog
 21941 | Lair:8   | Reached skill level 16 in Axes
 22777 | D:10     | Entered Level 10 of the Dungeon
 23229 | D:10     | Found Zuschar's Book Shoppe.
 23580 | Orc:1    | Entered Level 1 of the Orcish Mines
 23804 | Orc:2    | Entered Level 2 of the Orcish Mines
 23863 | Orc:2    | Received a gift from Trog
 24465 | Orc:2    | Found Mynemnua's Antique Armour Shop.
 24478 | Orc:2    | Reached XP level 15. HP: 125/136 MP: 4/14
 24482 | Orc:2    | Received a gift from Trog
 24496 | Orc:2    | Found Kazalup's Weapon Shop.
 24773 | Orc:2    | Found Isoarr's Magic Scroll Emporium.
 24775 | Orc:2    | Bought a pair of glowing gloves for 162 gold pieces
 24782 | Orc:2    | Found Sitsuv's Book Boutique.
 25002 | Orc:2    | Found a staircase to the Elven Halls.
 25821 | D:11     | Found a labyrinth entrance.
 25827 | Lab      | Entered a labyrinth
 26660 | Lab      | Reached skill level 17 in Axes
 26758 | Lab      | Received a gift from Trog
 26765 | Lab      | Got a scorched lapis lazuli ring
 26765 | Lab      | Got a warped turquoise ring
 26798 | D:11     | Identified the ring of Inas {rElec rPois MR+ Str+3} (You found it in a labyrinth)
 26800 | D:11     | Identified the ring "Ygoprum" {+Fly Str-4 Dex+5} (You found it in a labyrinth)
 26975 | Orc:2    | Bought a dazzling ring mail for 324 gold pieces
 26986 | Orc:2    | Identified the +3 ring mail of Birdsong {Regen+ rCorr Dex+6} (You bought it in a shop on level 2 of the Orcish Mines)
 26995 | Orc:2    | Bought a scroll of identify for 26 gold pieces
 26995 | Orc:2    | Bought a scroll of identify for 26 gold pieces
 27003 | Orc:2    | Bought a scroll of identify for 26 gold pieces
 27535 | D:11     | Received a gift from Trog
 28379 | D:12     | Found Lassik's General Store.
 28387 | D:12     | Bought a scroll of magic mapping for 45 gold pieces
 28876 | D:13     | Noticed Frances
 28896 | D:13     | Killed Frances
 29405 | D:13     | Received a gift from Trog
 29566 | D:13     | Found a gate to the Vaults.
 30008 | D:14     | Noticed Azrael
 30013 | D:14     | Killed Azrael
 30071 | D:14     | Found Wetre's Distillery.
 30085 | D:14     | Found a glowing silver altar of Zin.
 30164 | D:14     | Reached XP level 16. HP: 146/146 MP: 5/15
 30172 | D:14     | Reached skill level 15 in Bows
 30666 | D:15     | Entered Level 15 of the Dungeon
 30764 | D:15     | Found a sparkling altar of Nemelex Xobeh.
 30794 | D:15     | Received a gift from Trog
 30794 | D:15     | Reached skill level 18 in Axes
 30845 | D:15     | Found a snail-covered altar of Cheibriados.
 31297 | D:15     | Noticed Agnes
 31306 | D:15     | Killed Agnes
 31313 | D:15     | Found a staircase to the Depths.
 31386 | D:15     | Found Xiweeqin's Demolitions Depot.
 32086 | Spider:1 | Entered Level 1 of the Spider Nest
 33099 | Spider:2 | Noticed Arachne
 33107 | Spider:2 | Received a gift from Trog
 33124 | Spider:2 | Killed Arachne
 33454 | Spider:2 | Received a gift from Trog
 33634 | Spider:2 | Lost intelligence.
 33661 | Spider:2 | HP: 1/147 [redback (13)]
 33662 | Spider:2 | Succumbed to a redback's poison

Skill      XL: |  1  2  3  4  5  6  7  8  9 10 11 12 13 14 15 16 |
---------------+-------------------------------------------------+-----
Fighting       | 4 5 6 7 8 10 11 12 13 14 | 14.7
Axes           | 4 5 6 8 9 10 12 13 15 16 17 18 | 18.8
Armour         | 3 4 5 7 8 9 10 11 12 13 14 | 14.5
Dodging        | 3 4 5 6 7 8 9 10 11 12 13 | 13.6
Bows           | 2 5 7 9 11 12 13 14 16 | 16.1

Action                   |  1- 3 |  4- 6 |  7- 9 | 10-12 | 13-15 | 16-18 || total
-------------------------+-------+-------+-------+-------+-------+-------++-------
Melee: Hand axe          |    63 |   227 |   182 |   562 |       |       ||  1034
       Headbutt          |    10 |    43 |    47 |   195 |   156 |    58 ||   509
       Battleaxe         |       |       |       |    70 |   468 |   194 ||   732
 Fire: Shortbow          |       |       |   104 |   489 |    13 |       ||   606
       Longbow           |       |       |       |       |   670 |   246 ||   916
Invok: Berserk           |       |     1 |     4 |    12 |     9 |     2 ||    28
       Burn Spellbooks   |       |       |     3 |     1 |     4 |       ||     8
  Use: Scroll            |       |     9 |       |    16 |    16 |     5 ||    46
       Potion            |       |       |       |       |     1 |       ||     1
 Stab: Sleeping          |       |       |     1 |       |       |       ||     1
       Petrifying        |       |       |       |       |     1 |       ||     1
  Eat: Chunk             |     2 |     9 |    14 |    37 |    44 |    10 ||   116
       Beef jerky        |       |       |     1 |     1 |       |       ||     2
       Fruit             |       |       |       |     3 |     2 |     1 ||     6
       Royal jelly       |       |       |       |       |     2 |     1 ||     3
Armor: Animal skin       |     9 |     1 |       |       |       |       ||    10
       Ring mail         |       |    65 |    49 |       |    54 |   141 ||   309
       Scale mail        |       |       |    18 |   148 |   136 |       ||   302
Dodge: Dodged            |    35 |    95 |   106 |   373 |   430 |   288 ||  1327
